 Dungeon Crawl Stone Soup version 0.27.0-1-g7a089689b8 (webtiles) character file.

Game seed: 16720760910949154647

148 Delamore the Sneak (level 5, 0/36 HPs)
             Began as an Octopode Brigand on Aug 6, 2021.
             Slain by a gnoll (14 damage)
             ... on level 3 of the Dungeon.
             The game lasted 00:01:45 (2250 turns).

Delamore the Sneak (Octopode Brigand)               Turns: 2250, Time: 00:01:46

Health: 0/36       AC:  1    Str: 10    XL:     5   Next: 30%
Magic:  5/5        EV: 14    Int: 14    God:
Gold:   83         SH:  0    Dex: 14    Spells: 4/4 levels left

rFire    . . .     SeeInvis .   d - +1 dagger (venom)
rCold    . . .     Faith    .   (no shield)
rNeg     . . .     Spirit   .   (helmet restricted)
rPois    .         Reflect  .   (no amulet)
rElec    .         Harm     .   (no ring)
rCorr    .         Rampage  .   (no ring)
Will     .....                  (no ring)
Stlth    ++++......             (no ring)
HPRegen  0.12/turn              (no ring)
MPRegen  0.09/turn              (no ring)
                                (no ring)
                                (no ring)

@: no status effects
A: almost no armour, amphibious, 8 rings, camouflage 1, gelatinous body 1,
(nimble swimmer 1), tentacles
a: no special abilities


You were on level 3 of the Dungeon.
You visited 1 branch of the dungeon, and saw 3 of its levels.

You collected 83 gold pieces.

Inventory:

Hand Weapons
 a - a +2 dagger
 d - a +1 dagger of venom (weapon)
Missiles
 b - 8 poisoned darts
 c - 2 curare-tipped darts
 h - 6 atropa-tipped darts (quivered)
Armour
 j - a +0 kite shield
Wands
 l - a wand of digging (4)
Scrolls
 f - a scroll of torment
 g - a scroll of summoning {unknown}
 i - a scroll of teleportation {unknown}
Potions
 e - a potion of heal wounds
 k - a potion of attraction {unknown}
 m - a potion of magic {unknown}


   Skills:
 + Level 3.4 Fighting
 + Level 3.4 Short Blades
 - Level 2.0 Throwing
 + Level 2.9 Dodging
 - Level 5.3 Stealth


You had 4 spell levels left.
You didn't know any spells.
Your spell library was empty.

Dungeon Overview and Level Annotations

Branches:
Dungeon (3/15)

Altars:
Okawaru

Shops:
D:2 (


Innate Abilities, Weirdness & Mutations

You cannot wear most types of armour.
You are amphibious.
You can wear up to eight rings at the same time.
Your skin changes colour to match your surroundings (Stealth+).
Your rubbery body absorbs attacks. (AC +1, EV +1)
((You are camouflaged near water. (Stealth+)))
You have tentacles for arms and can constrict up to eight enemies at once.


Message History

You kill the dart slug!
No target in view!
No target in view!
No target in view!
No target in view!
No target in view!
No target in view!
No target in view! 2 gnolls come into view.
There are monsters nearby!
There are monsters nearby! 2 gnolls come into view.
The gnoll barely misses you. The gnoll closely misses you.
The gnoll shouts!
You hit the gnoll.
The gnoll is poisoned.
You grab the gnoll. You squeeze the gnoll!
The gnoll is severely wounded.
You constrict the gnoll, but do no damage.
You kill the gnoll!
The gnoll barely misses you. The gnoll misses you.
Throw: 8 darts (atropa)
Press: ? - help, Q - select action, (/) - cycle Shift-Dir - straight line, f - gnoll
Aim: a gnoll, wielding a +0 halberd (64% to hit, chance to blind on hit: 100%)
You throw an atropa-tipped dart.
The atropa-tipped dart barely misses the gnoll.
The atropa-tipped dart hits the gnoll.
The gnoll appears confused.
The gnoll hits you from afar with a +0 halberd!
The gnoll barely misses the gnoll.
The gnoll seems less confused.
The gnoll is no longer blind.
Throw: 7 darts (atropa)
Press: ? - help, Q - select action, (/) - cycle Shift-Dir - straight line, f/p - gnoll
Aim: a gnoll, wielding a +0 halberd (64% to hit, chance to blind on hit: 100%)
You throw an atropa-tipped dart.
The atropa-tipped dart completely misses the gnoll.
The gnoll misses you.
You see here a ball python skeleton.
The gnoll hits you from afar with a +0 halberd!
The gnoll hits you from afar with a +0 halberd!
You die...

..# #.#..##.#..####.#.# ###
#.......#.......#.#
###.......#######.# ##.######
#.# ####### #)# ##.## ......#
#.# ####### #...####
#####.####.# #.....# #......##
...........###.....# #<......#
....#.###.....g.@.<# ##.###..#
....#.###...##.....# #.###..#
............##.....# #.##...#
##÷.##.##.#.######## #.##.#.#
##........#.# #.##.#.#
.....#.####.# #########......#
...#.#.####.###...[...####.###
.................####.# #†#
..##÷#.#####.###..###.####.#


You could see a gnoll.

Vanquished Creatures
  A hound (D:3)
  Terence (D:3)
  2 adders
  A gnoll (D:3)
  6 dart slugs
  2 worms (D:3)
  4 endoplasms
  2 giant cockroaches
  A goblin (D:3)
  4 hobgoblins
  4 jackals (D:1)
  A quokka (D:1)
  4 ball pythons
  8 bats
  3 frilled lizards
  3 kobolds
  3 rats (D:1)
50 creatures vanquished.

Notes
Turn   | Place    | Note
-------+----------+-------------------------------------------
     0 | D:1      | Delamore the Octopode Brigand began the quest for the Orb.
     0 | D:1      | Reached XP level 1. HP: 14/14 MP: 1/1
   150 | D:1      | Reached XP level 2. HP: 19/19 MP: 2/2
   622 | D:1      | Reached XP level 3. HP: 25/25 MP: 3/3
  1337 | D:2      | Found Kuckadwu's Antique Weapon Shop.
  1578 | D:2      | Reached XP level 4. HP: 14/30 MP: 4/4
  1784 | D:2      | Found an iron altar of Okawaru.
  1986 | D:3      | Noticed Terence
  1988 | D:3      | Killed Terence
  1989 | D:3      | Reached XP level 5. HP: 36/36 MP: 5/5
  2250 | D:3      | Slain by a gnoll

Illustrated notes

Levels and vault maps discovered:
D:1:      lordsloth_arrival_two_stooges, layout_basic, minmay_distorted
D:2:      layout_loops_ring, serial_shops, shop, basic_altar,
          columned_hall_lemuel
D:3:      layout_loops_cross, uniq_terence

Skill      XL: |  1  2  3  4 |
---------------+-------------+-----
Dodging        | 2 |  2.9
Fighting       | 3 |  3.4
Short Blades   | 3 |  3.4
Throwing       | |  2.0
Stealth        | |  5.3

Action                   |  1- 3 |  4- 6 || total
-------------------------+-------+-------++-------
Melee: Dagger            |    75 |    19 ||    94
       Tentacles         |    11 |     3 ||    14
       Constrict         |    18 |     5 ||    23
Throw: Dart              |       |     2 ||     2
  Use: Potion            |     2 |       ||     2
       Scroll            |       |     2 ||     2
 Stab: Sleeping          |    11 |     7 ||    18
Armor: Skin              |     7 |     1 ||     8
Dodge: Dodged            |    41 |    13 ||    54
